 Dungeon Crawl Stone Soup version 0.21-a0-19-g210df22 (webtiles) character file.

1021 tof the Cutter (level 8, -4/75 HPs)
             Began as a Troll Assassin on May 24, 2017.
             Slain by Prince Ribbit (12 damage)
             ... on level 5 of the Dungeon.
             The game lasted 00:15:00 (4446 turns).

tof the Cutter (Troll Assassin)                     Turns: 4446, Time: 00:15:01

Health: -4/75      AC:  9    Str: 20    XL:     8   Next: 2%
Magic:  7/7        EV: 11    Int:  7    God:
Gold:   397        SH:  0    Dex: 17    Spells: 7/7 levels left

rFire    . . .     SeeInvis .   a - +2 dagger
rCold    . . .     Gourm    +   (no shield)
rNeg     . . .     Faith    .   c - +0 robe
rPois    .         Spirit   .   (helmet restricted)
rElec    .         Reflect  .   d - +0 cloak
rCorr    .         Harm     .   (gloves unavailable)
MR       .....                  (boots unavailable)
Stlth    ++........             (no amulet)
Regen    0.7/turn               n - +3 ring of protection
MPRegen  0.1/turn               J - +4 ring of dexterity

@: about to teleport
A: unfitting armour, claws 3, fast metabolism 3, gourmand, regeneration 1,
shaggy fur 1, tough skin 2
a: no special abilities


You were on level 5 of the Dungeon.
You were very full.

You visited 1 branch of the dungeon, and saw 6 of its levels.

You collected 397 gold pieces.

Inventory:

Hand Weapons
 a - a +2 dagger (weapon)
 b - a +0 blowgun
Missiles
 f - 7 curare-tipped needles
 K - 10 poisoned needles
Armour
 c - a +0 robe (worn)
 d - a +0 cloak (worn)
Jewellery
 n - a +3 ring of protection (left claw)
 s - an uncursed ring of protection from fire
 J - a +4 ring of dexterity (right claw)
Wands
 e - a wand of random effects (3/48)
 w - a wand of acid (8/15)
Scrolls
 i - 2 scrolls of blinking {unknown}
 m - 2 scrolls of teleportation
 p - 4 scrolls of identify
 r - 3 scrolls of recharging
 v - 5 scrolls of remove curse
 y - 2 scrolls of random uselessness {unknown}
 B - a scroll of fear {unknown}
 G - a scroll of fog {unknown}
 I - a scroll of magic mapping {unknown}
 L - a scroll of amnesia {unknown}
Potions
 h - 2 potions of agility {unknown}
 j - 2 potions of invisibility {unknown}
 k - 2 potions of ambrosia {unknown}
 l - 3 potions of flight {unknown}
 t - a potion of haste {unknown}
 u - a potion of resistance {unknown}
 z - a potion of lignification {unknown}
 A - 3 potions of heal wounds {unknown}
 C - 3 potions of curing {unknown}
 D - 2 potions of brilliance {unknown}
 E - 2 potions of degeneration {unknown}
 F - 2 potions of cancellation {unknown}
 H - a potion of might {unknown}
Comestibles
 g - 7 bread rations
 o - a royal jelly
 q - 4 fruits
 x - 3 meat rations


   Skills:
 + Level 3.3 Fighting
 * Level 4.8 Short Blades
 + Level 3.8 Throwing
 + Level 3.0 Dodging
 + Level 3.1 Stealth


You had 7 spell levels left.
You didn't know any spells.

Dungeon Overview and Level Annotations

Branches:
Dungeon (6/15)
 Temple: D:4-7

Altars:
Nemelex Xobeh
Yredelemnul

Shops:
D:4 =

Annotations:
D:5 Prince Ribbit


Innate Abilities, Weirdness & Mutations

You are too large for most types of armour.
You have claws for hands.
Your metabolism is lightning-fast.
You like to eat raw meat.
Your natural rate of healing is unusually fast.
You are covered in fur. (AC +1)
You have very tough skin. (AC +2)


Message History

* * * LOW HITPOINT WARNING * * *
You barely miss the ogre.
The ogre is severely wounded.
Prince Ribbit croaks.
You hit the ogre.
You kill the ogre!
Your Dodging skill increases to level 3!
You have reached level 8!
Prince Ribbit blinks!
Prince Ribbit blinks!
There is a stone staircase leading up here.
Prince Ribbit hits you!
* * * LOW HITPOINT WARNING * * *
Prince Ribbit hits you.
* * * LOW HITPOINT WARNING * * *
You climb upwards.
There is a stone staircase leading down here.
As you read the scroll of teleportation, it crumbles to dust.
You feel strangely unstable. Prince Ribbit hits you!
You die...

##......#.# #......# ....#####.#
###.#### ###.#####.# ###.#
#.......# #...# #.......# #.#.##
###.......# #..(.# .##.......#
###.## .##.......# #F#
)##...[...## #@# .#"........# #.#
...........## #.# .#..........#
#.# ####### .##.........# #.#
##.....## .###.....>..####.#
##..###..# .<...............#
##..##.##..
............###########..##.^.##.
####........####........##.._..##


You could see Prince Ribbit.

Vanquished Creatures
  Menkaure (D:4)
  2 sky beasts (D:5)
  A centaur (D:5)
  An ogre (D:6)
  A scorpion (D:5)
  A centaur zombie (D:5)
  A crimson imp (D:5)
  A hound (D:4)
  An orc priest (D:3)
  An orc wizard (D:5)
  2 bullfrog skeletons
  Ijyb (D:3)
  2 worker ants
  7 adders
  A shadow imp (D:5)
  2 oozes
  3 worms
  3 dart slugs
  A leopard gecko (D:2)
  16 orcs
  4 bats
  3 giant cockroaches
  7 hobgoblins
  9 jackals
  10 kobolds
  3 quokkas
  A ball python (D:2)
  7 frilled lizards
  20 goblins
  7 rats
120 creatures vanquished.

Notes
Turn   | Place    | Note
-------+----------+-------------------------------------------
     0 | D:1      | tof the Troll Assassin began the quest for the Orb.
     0 | D:1      | Reached XP level 1. HP: 19/19 MP: 0/0
   219 | D:1      | Reached XP level 2. HP: 27/28 MP: 1/1
   445 | D:1      | Reached skill level 1 in Dodging
   479 | D:1      | Reached skill level 2 in Short Blades
   956 | D:1      | Reached XP level 3. HP: 35/35 MP: 2/2
  1159 | D:2      | Reached XP level 4. HP: 34/42 MP: 3/3
  1750 | D:3      | Reached XP level 5. HP: 25/49 MP: 4/4
  1869 | D:3      | Found a basalt altar of Yredelemnul.
  1978 | D:3      | Noticed Ijyb
  1995 | D:3      | Killed Ijyb
  2535 | D:4      | Reached skill level 3 in Short Blades
  2911 | D:4      | Noticed Menkaure
  2923 | D:4      | Killed Menkaure
  2923 | D:4      | Reached XP level 6. HP: 32/59 MP: 5/5
  2997 | D:4      | Found Omuymp's Jewellery Shoppe.
  3175 | D:5      | Entered Level 5 of the Dungeon
  3270 | D:5      | Reached XP level 7. HP: 59/66 MP: 6/6
  3297 | D:5      | Reached skill level 4 in Short Blades
  3381 | D:5      | Found a sparkling altar of Nemelex Xobeh.
  3523 | D:5      | Noticed Prince Ribbit
  4439 | D:6      | Reached XP level 8. HP: 21/75 MP: 7/7
  4446 | D:5      | Slain by Prince Ribbit

Vault maps used:
D:1:      roderic_octagonal_star
D:3:      kennysheep_goblin_castle, overflow_temple_1_default, first_bread
D:4:      serial_shops, shop, uniq_menkaure
D:5:      nemelex_spade_bored_becter, uniq_prince_ribbit1
D:6:      grunt_qazlal_clouds, uniq_blork_the_orc, uniq_pikel

Skill      XL: |  1  2  3  4  5  6  7 |
---------------+----------------------+-----
Throwing       | 2 3 |  3.8
Dodging        | 1 2 3 |  3.0
Short Blades   | 2 3 4 |  4.8
Fighting       | 2 3 |  3.3
Stealth        | 3 |  3.1

Action                   |  1- 3 |  4- 6 |  7- 9 || total
-------------------------+-------+-------+-------++-------
Melee: Dagger            |   132 |   262 |   218 ||   612
 Fire: Blowgun           |       |    56 |    27 ||    83
  Use: Scroll            |       |     5 |     2 ||     7
 Stab: Sleeping          |     3 |     3 |     1 ||     7
  Eat: Chunk             |    16 |    18 |    10 ||    44
Armor: Robe              |    65 |   103 |    65 ||   233
Dodge: Dodged            |    62 |   151 |    78 ||   291
